 Dungeon Crawl Stone Soup version 0.29.1-1-gd02db69 (webtiles) character file.

Game seed: 11390214951867098752

1040 Sylvvee the Slasher (level 8, -2/61 (66) HPs)
             Began as a Black Draconian Transmuter on Dec 7, 2022.
             Hit by a boomerang of dispersal thrown by an orc warrior (3 damage)
             ... on level 6 of the Dungeon.
             The game lasted 00:40:04 (4860 turns).

Sylvvee the Slasher (Black Draconian Transmuter)    Turns: 4860, Time: 00:40:04

HP:   -2/61 (66)    AC:  7    Str: 13    XL:     8   Next: 4%
MP:   11/11         EV: 13    Int: 20    God:
Gold: 195           SH:  0    Dex: 13    Spells: 10/11 levels left

rFire   . . .      SeeInvis .   c - +2 falchion (elec)
rCold   . . .      Faith    .   (no shield)
rNeg    . . .      Spirit   .   (body armour unavailable)
rPois   .          Reflect  .   (helmet restricted)
rElec   +          Harm     .   (no cloak)
rCorr   +          Rampage  .   (no gloves)
Will    .....                   E - +0 pair of boots
Stlth   ++........              q - amulet of the acrobat
HPRegen 0.20/turn               f - +6 ring of intelligence
MPRegen 0.12/turn               B - ring of resist corrosion

@: about to teleport, studying Evocations, drained
A: breathe lightning, AC +6, unfitting armour, electricity resistance,
cold-blooded
a: Breathe Lightning


You were on level 6 of the Dungeon.
You visited 1 branch of the dungeon, and saw 6 of its levels.

You collected 195 gold pieces.

Inventory:

Hand Weapons
 b - a +4 short sword of draining
 c - a +2 falchion of electrocution (weapon)
 h - a +0 hand axe
 s - a +0 whip
Missiles
 d - 42 stones
 g - 3 large rocks
 n - 3 curare-tipped darts
 v - 10 poisoned darts
 x - 3 silver javelins
Armour
 E - a +0 pair of boots (worn)
Jewellery
 f - a +6 ring of intelligence (left hand)
 o - a ring of protection from cold
 q - an amulet of the acrobat (around neck)
 B - a ring of resist corrosion (right hand)
Wands
 l - a wand of roots (3)
 r - a wand of paralysis (7)
Scrolls
 e - a scroll of brand weapon
 p - 4 scrolls of identify
Potions
 a - a potion of lignification
 i - a potion of berserk rage {unknown}
 j - a potion of attraction {unknown}
 k - a potion of flight {unknown}
 m - a potion of ambrosia
 u - a potion of cancellation {unknown}
 w - 2 potions of brilliance
 z - a potion of heal wounds {unknown}
 A - a potion of degeneration {unknown}
 C - 2 potions of might {unknown}
 D - a potion of curing {unknown}


   Skills:
 + Level 4.1 Fighting
 - Level 6.1 Long Blades
 + Level 4.2 Dodging
 - Level 1.5 Stealth
 - Level 3.9 Unarmed Combat
 + Level 2.4 Spellcasting
 + Level 2.2 Transmutations


You had 10 spell levels left.
You knew the following spells:

 Your Spells              Type           Power      Damage    Failure   Level
a - Beastly Appendage     Tmut           22%        N/A       6%          1

Your spell library contained the following spells:

 Spells                   Type           Power      Damage    Failure   Level
 Wereblood                Tmut           11%        N/A       9%          2
 Spider Form              Tmut/Pois      7%         N/A       28%         3
 Dazzling Flash           Conj/Hex       4%         N/A       41%         3
 Gell's Gravitas          Tloc           2%         N/A       41%         3
 Inner Flame              Hex/Fire       2%         N/A       41%         3
 Lesser Beckoning         Tloc           2%         N/A       41%         3
 Teleport Other           Tloc           2%         N/A       41%         3
 Ice Form                 Ice/Tmut       7%         N/A       67%         4
 Cause Fear               Hex            1%         N/A       83%         4
 Iskenderun's Mystic Bla  Conj/Tloc      2%         2d3       83%         4
 Starburst                Conj/Fire      1%         6d3       100%        6
 Discord                  Hex            1%         N/A       100%        8


Dungeon Overview and Level Annotations

Branches:
Dungeon (6/15)
 Temple: D:4-7

Altars:


Innate Abilities, Weirdness & Mutations

You can breathe wild blasts of lightning.
Your glossy black scales are hard. (AC +6)
You cannot fit into any form of body armour.
You are resistant to electric shocks. (rElec)
You are cold-blooded and may be slowed by cold attacks.


Message History

The wight closely misses you.
A wight comes into view. It is wielding a +0 short sword.
The wight misses you. The orc hits you with a +0 club.
The orc wizard points at you and mumbles some strange words.
You are confused.
You are too confused!
The orc wizard completely misses you.
You barely miss the orc. The wight hits you with a +4 hand axe.
The orc hits you with a +0 club.
* * * LOW HITPOINT WARNING * * *
The orc wizard mumbles some strange words.
The orc wizard flickers and vanishes!
Deactivating autopickup; reactivate with Ctrl-A.
The orc completely misses you. Something misses you.
The orc warrior shouts!
You hit something. The wight hits you with a +4 hand axe.
* * * LOW HITPOINT WARNING * * *
You feel drained.
* * * LOW HITPOINT WARNING * * *
The orc hits you but does no damage. Something hits you.
* * * LOW HITPOINT WARNING * * *
You are too confused!
You feel less confused.
The orc warrior throws a boomerang of dispersal.
The boomerang of dispersal completely misses you.
The wight completely misses you. The orc completely misses you.
As you read the scroll of teleportation, it crumbles to dust.
You feel strangely unstable. The wight hits you with a +4 hand axe!
* * * LOW HITPOINT WARNING * * *
The orc hits you but does no damage. Something hits you.
* * * LOW HITPOINT WARNING * * *
You miss something.
The orc warrior throws a boomerang of dispersal.
The boomerang of dispersal closely misses you.
The wight completely misses you. The orc hits you but does no damage.
Something hits you but does no damage.
You hit something but do no damage.
The orc warrior throws a boomerang of dispersal.
The boomerang of dispersal hits you.
You die...

.... ... .... ...
#..z (. ... ..
###.###. #......
#..z### .. #.)zo@#
...
#...#z.####....
#....#..o#.#..#
#....##...?...# .
#.....#......###
.. #.....#......##
..#
#..#..#.......#...
......#........[..
#.##.....####


You could see an orc warrior, 3 wights and an orc.

Vanquished Creatures
  A troll (D:5)
  An ice beast (D:5)
  A black bear (D:5)
  A centaur (D:6)
  A bullfrog (D:5)
  A howler monkey (D:5)
  5 hounds
  4 iguanas (D:5)
  10 adders
  2 ufetubi (D:5)
  3 worms (D:4)
  4 dart slugs
  7 orcs
  5 bats
  5 endoplasms
  3 giant cockroaches
  10 goblins
  5 hobgoblins
  7 jackals
  7 quokkas
  7 ball pythons
  4 frilled lizards
  7 kobolds
  2 rats
103 creatures vanquished.

Vanquished Creatures (others)
  10 plants (D:1)
10 creatures vanquished.

Grand Total: 113 creatures vanquished

Notes
Turn   | Place    | Note
-------+----------+-------------------------------------------
     0 | D:1      | Sylvvee the Draconian Transmuter began the quest for the
                  | Orb.
     0 | D:1      | Reached XP level 1. HP: 16/16 MP: 3/3
   161 | D:1      | Reached XP level 2. HP: 20/23 MP: 5/5
   220 | D:1      | Found a faded altar of an unknown god.
   686 | D:1      | Reached XP level 3. HP: 27/28 MP: 6/6
  1248 | D:2      | Reached skill level 1 in Long Blades
  1494 | D:2      | Reached XP level 4. HP: 32/35 MP: 7/7
  2224 | D:3      | Reached skill level 2 in Long Blades
  2726 | D:4      | Reached XP level 5. HP: 34/41 MP: 8/8
  3124 | D:4      | Reached skill level 3 in Long Blades
  3516 | D:5      | Entered Level 5 of the Dungeon
  3516 | D:5      | Noticed a troll
  3516 | D:5      | Noticed a black bear
  3616 | D:5      | Reached XP level 6. HP: 27/50 MP: 9/9
  3665 | D:5      | Killed a troll
  3666 | D:5      | Reached skill level 4 in Long Blades
  3666 | D:5      | Reached skill level 1 in Stealth
  3666 | D:5      | Your scales start taking on a glossy black colour.
  3666 | D:5      | Reached XP level 7. HP: 24/57 MP: 10/10
  3666 | D:5      | Gained mutation: You are resistant to electric shocks.
                  | (rElec) [Black Draconian growth]
  3765 | D:5      | Reached skill level 5 in Long Blades
  4180 | D:5      | Reached skill level 6 in Long Blades
  4847 | D:6      | Reached XP level 8. HP: 66/66 MP: 11/11
  4858 | D:6      | HP: 3/61 [wight/+4 hand axe (11)]
  4858 | D:6      | HP: 1/61 [something (2)]
  4860 | D:6      | Hit by a boomerang of dispersal thrown by an orc warrior

Illustrated notes

Levels and vault maps discovered:
D:1:      roderic_crop_circles_arrival_small, layout_basic,
          basic_ecumenical_altar
D:2:      layout_basic, serial_rivers, chequers_serial_rivers_marsh,
          chequers_serial_rivers_small_a, chequers_serial_rivers_large_a,
          chequers_serial_rivers_small_b, chequers_serial_rivers_large_b,
          chequers_serial_rivers_micro_c
D:3:      layout_rooms
D:4:      layout_basic, hangedman_decor_diamond_cutter
D:5:      layout_cave_pods, minmay_manual_moon
D:6:      layout_cave_pools, nicolae_uskayaw_suspiria,
          minmay_temple_entry_slanted

Skill      XL: |  1  2  3  4  5  6  7 |
---------------+----------------------+-----
Dodging        | 2 3 4 |  4.2
Long Blades    | 1 2 3 4 6 |  6.1
Fighting       | 2 3 4 |  4.1
Stealth        | 1 |  1.5
Unarmed Combat | |  3.9
Spellcasting   | |  2.4
Transmutations | |  2.2

Action                   |  1- 3 |  4- 6 |  7- 9 || total
-------------------------+-------+-------+-------++-------
Melee: Unarmed           |    32 |       |       ||    32
       Tailslap          |    18 |    14 |    12 ||    44
       Punch             |     3 |     3 |     1 ||     7
       Falchion          |   122 |   150 |    87 ||   359
  Use: Scroll            |     3 |     4 |     3 ||    10
       Potion            |       |     1 |       ||     1
 Stab: Sleeping          |       |       |     1 ||     1
Armor: Skin              |    47 |    51 |    25 ||   123
Dodge: Dodged            |   106 |   126 |    76 ||   308
